 Dungeon Crawl Stone Soup version 0.20-a0-920-gb18bc0f (webtiles) character file.

523 polly the Ruffian (level 7, 0/52 HPs)
             Began as a Demonspawn Fighter on Mar 25, 2017.
             Slain by a two-headed ogre
             ... wielding a cursed -3 giant spiked club
              (18 damage)
             ... on level 6 of the Dungeon.
             The game lasted 00:04:31 (4834 turns).

polly the Ruffian (Demonspawn Fighter)              Turns: 4834, Time: 00:04:32

Health: 0/52       AC:  9    Str: 19    XL:     7   Next: 2%
Magic:  7/7        EV:  5    Int:  9    God:
Gold:   238        SH:  9    Dex: 12    Spells: 6/6 levels left

rFire    . . .     SeeInvis .     - Unarmed
rCold    . . .     Gourm    .   b - +0 shield
rNeg     . . .     Faith    .   z - +0 chain mail
rPois    .         Spirit   .   (helmet restricted)
rElec    .         Reflect  .   (no cloak)
rCorr    .         Harm     .   (no gloves)
MR       .....                  (no boots)
Stlth    ..........             (no amulet)
Regen    0.2/turn               (no ring)
MPRegen  0.1/turn               (no ring)

@: drained
A: antennae 1, claws 2, hooves 1, powered by pain 1
a: no special abilities


You were on level 6 of the Dungeon.
You were very hungry.

You visited 2 branches of the dungeon, and saw 7 of its levels.

You collected 238 gold pieces.

Inventory:

Armour
 b - a +0 shield (worn)
 z - a +0 chain mail (worn)
Wands
 v - a wand of lightning (4/15)
 B - a wand of iceblast (6/15)
Scrolls
 e - 2 scrolls of recharging {unknown}
 f - 3 scrolls of remove curse {unknown}
 h - 3 scrolls of immolation {unknown}
 i - 4 scrolls of identify {unknown}
 k - 3 scrolls of teleportation {unknown}
 u - 2 scrolls of noise {unknown}
 y - 3 scrolls of amnesia {unknown}
Potions
 c - 3 potions of might
 j - a potion of cancellation {unknown}
 l - a potion of degeneration {unknown}
 n - 2 potions of resistance {unknown}
 o - a potion of agility {unknown}
 p - a potion of heal wounds
 r - a potion of berserk rage {unknown}
 s - 3 potions of curing {unknown}
 t - a potion of flight {unknown}
 w - a potion of invisibility {unknown}
 x - a potion of ambrosia {unknown}
 A - a potion of lignification {unknown}
Comestibles
 d - 4 bread rations
 g - 4 royal jellies
 m - 5 fruits
 q - 3 meat rations


   Skills:
 + Level 3.1(2.4) Fighting
 + Level 4.0(3.3) Armour
 + Level 1.3(0.7) Dodging
 - Level 0.4(0.0) Stealth
 + Level 3.6(2.9) Shields
 * Level 5.4(4.7) Unarmed Combat


You had 6 spell levels left.
You didn't know any spells.

Dungeon Overview and Level Annotations

Branches:
Dungeon (6/15)             Temple (1/1) D:5

Altars:
Cheibriados
Dithmenos
Elyvilon
Fedhas
Hepliaklqana
Kikubaaqudgha
Makhleb
Qazlal
Ru
Sif Muna
Trog
Uskayaw
Vehumet
Wu Jian
Xom
Yredelemnul
Zin
The Shining One

Shops:
D:6 !


Innate Abilities, Weirdness & Mutations

You have a pair of small antennae on your head.
You have very sharp fingernails.
You have large cloven feet.
You sometimes gain a little power by taking damage.


Message History

You are too injured to fight recklessly!
You are too injured to fight recklessly!
You are too injured to fight recklessly!
You are too injured to fight recklessly!
You are too injured to fight recklessly!
You are too injured to fight recklessly!
You are too injured to fight recklessly!
You are too injured to fight recklessly!
You are too injured to fight recklessly!
You are too injured to fight recklessly!
You are too injured to fight recklessly!
You are too injured to fight recklessly!
You are too injured to fight recklessly!
You are too injured to fight recklessly!
You are too injured to fight recklessly!
There is an open door here.
You are feeling very hungry.
The two-headed ogre hits you with a giant spiked club.
The two-headed ogre hits you with a giant spiked club!!
You die...

#.. ... #.######
#.. ..###+#####
#.# #.##......#
#.####.##......#
#..∩....'......#
#.#.####.##O.....#
#........##@.....#
###.#######......#
### #<##...##
#.##...# #.######
#.# #.# #.# ...


You could see a two-headed ogre.

Vanquished Creatures
  Edmund (D:4)
  A hound (D:5)
  An orc priest (D:3)
  A centaur skeleton (D:5)
  A jelly (D:5)
  An iguana (D:5)
  Terence (D:2)
  Natasha (twice) (D:2)
  2 worker ants
  A hound zombie (D:5)
  3 adders
  3 worms
  3 dart slugs
  2 leopard geckos
  7 orcs
  5 giant cockroaches
  6 goblins
  3 hobgoblins
  12 jackals
  4 quokkas
  4 bats
  4 frilled lizards
  9 kobolds
  A leopard gecko skeleton (D:4)
  18 rats
96 creatures vanquished.

Notes
Turn   | Place    | Note
-------+----------+-------------------------------------------
     0 | D:1      | polly the Demonspawn Fighter began the quest for the Orb.
     0 | D:1      | Reached XP level 1. HP: 18/18 MP: 1/1
    89 | D:1      | Reached skill level 2 in Unarmed Combat
   450 | D:1      | Gained mutation: You have large cloven feet. [demonic ancestry]
   450 | D:1      | Reached XP level 2. HP: 24/24 MP: 2/2
  1256 | D:2      | Gained mutation: You have sharp fingernails. [demonic ancestry]
  1256 | D:2      | Reached XP level 3. HP: 26/29 MP: 3/3
  1261 | D:2      | Found an ornate altar of the Wu Jian Council.
  1606 | D:2      | Found a faded altar of an unknown god.
  1786 | D:2      | Noticed Natasha
  1793 | D:2      | Killed Natasha
  1793 | D:2      | Gained mutation: You sometimes gain a little power by taking damage. [demonic ancestry]
  1793 | D:2      | Reached XP level 4. HP: 24/35 MP: 4/4
  1836 | D:2      | Reached skill level 3 in Unarmed Combat
  1839 | D:2      | Noticed Natasha
  1850 | D:2      | Killed Natasha
  2063 | D:2      | Noticed Terence
  2083 | D:2      | Killed Terence
  2258 | D:3      | Found a shimmering altar of Xom.
  2264 | D:3      | Reached skill level 1 in Dodging
  2335 | D:3      | Gained mutation: You have very sharp fingernails. [demonic ancestry]
  2335 | D:3      | Reached XP level 5. HP: 37/41 MP: 5/5
  2432 | D:3      | Found a sacrificial altar of Ru.
  2436 | D:3      | Found a basalt altar of Yredelemnul.
  2445 | D:3      | Found a hide-covered altar of Uskayaw.
  2593 | D:3      | Reached skill level 4 in Unarmed Combat
  2797 | D:3      | Found a radiant altar of Vehumet.
  3125 | D:4      | Found a glowing silver altar of Zin.
  3349 | D:4      | Noticed Edmund
  3368 | D:4      | Killed Edmund
  3368 | D:4      | Reached XP level 6. HP: 21/47 MP: 6/6
  4031 | D:5      | Entered Level 5 of the Dungeon
  4215 | D:5      | Found a white marble altar of Elyvilon.
  4342 | D:5      | Found a hazy altar of Hepliaklqana.
  4377 | D:5      | Found a staircase to the Ecumenical Temple.
  4441 | D:5      | Reached skill level 5 in Unarmed Combat
  4495 | D:5      | Gained mutation: You have a pair of small antennae on your head. [demonic ancestry]
  4495 | D:5      | Reached XP level 7. HP: 29/52 MP: 7/7
  4507 | Temple   | Entered the Ecumenical Temple
  4812 | D:6      | Found Uclabed's Distillery.
  4819 | D:6      | Noticed a two-headed ogre
  4834 | D:6      | Slain by a two-headed ogre

Vault maps used:
D:1:      minmay_arrival_shattered_statue
D:2:      marbit_many_paths, chequers_ecumenical_altar_simple, uniq_natasha,
          uniq_terence
D:3:      vehumet_crystals, nicolae_overflow_crystal_walls,
          minmay_overflow_temple_star_quad, first_bread
D:4:      zin_academy, uniq_edmund
D:5:      overflow_temple_1_default, elyvilon_altar_3,
          minmay_temple_entry_junction_2
D:6:      overflow_temple_1_default, serial_shops, nicolae_shop_crystal, shop,
          shop, nicolae_shop_stone, shop, roderic_batcave
Temple:   nicolae_temple_figure_zero

Skill      XL: |  1  2  3  4  5  6 |
---------------+-------------------+-----
Unarmed Combat | 2 3 4 5 |  5.4
Armour         | 3 4 |  4.0
Shields        | 3 |  3.6
Dodging        | 1 |  1.3
Fighting       | |  3.1
Stealth        | |  0.4

Action                   |  1- 3 |  4- 6 |  7- 9 || total
-------------------------+-------+-------+-------++-------
Melee: Unarmed           |   222 |   243 |     2 ||   467
       Kick              |    44 |    75 |     1 ||   120
  Use: Potion            |       |     1 |       ||     1
  Eat: Chunk             |     3 |     9 |       ||    12
Armor: Scale mail        |    99 |    55 |       ||   154
       Chain mail        |       |     3 |       ||     3
Dodge: Dodged            |    61 |    54 |       ||   115
Block: Shield            |   121 |    68 |     1 ||   190
